 Dungeon Crawl Stone Soup version 0.24-a0-335-g06ca16a (webtiles) character file.

Game seed: 13357334805670518690

3455 mhoghedin the Conjurer (level 9, -4/65 HPs)
             Began as a Mummy Necromancer on May 19, 2019.
             Was an Elder of Vehumet.
             Slain by an orc warrior
             ... wielding a +0 flail
              (18 damage)
             ... on level 8 of the Dungeon.
             The game lasted 00:28:01 (11078 turns).

mhoghedin the Conjurer (Mummy Necromancer)         Turns: 11078, Time: 00:28:02

Health: -4/65      AC:  5    Str: 11    XL:     9   Next: 78%
Magic:  12/18      EV: 13    Int: 21    God:    Vehumet [****..]
Gold:   437        SH:  0    Dex: 13    Spells: 5/20 levels left

rFire    . . .     SeeInvis .   q - +1 spear (flame)
rCold    + . .     Gourm    .   (no shield)
rNeg     + + +     Faith    +   l - +0 robe {MR+}
rPois    ∞         Spirit   .   o - +0 helmet
rElec    .         Reflect  .   x - +0 cloak
rCorr    .         Harm     .   f - +0 pair of gloves
MR       ++...                  (no boots)
Stlth    ++........             e - amulet of faith {Faith, !P}
HPRegen  0.20/turn              w - ring of protection from fire {rF+, !d}
MPRegen  0.16/turn              k - +4 ring of intelligence

@: about to teleport
A: no food or potions, fire vulnerability, cold resistance 1, negative energy
resistance 3, torment resistance, unbreathing
a: Renounce Religion


You were on level 8 of the Dungeon.
You worshipped Vehumet.
Vehumet was greatly pleased with you.
You were not hungry.

You visited 2 branches of the dungeon, and saw 9 of its levels.
You also visited: Sewer.

You collected 544 gold pieces.
You spent 107 gold pieces at shops.

Inventory:

Hand Weapons
 d - a +1 short sword of speed
   (You took it off a kobold on level 1 of the Dungeon)
 q - a +1 spear of flaming (weapon)
   (You took it off a gnoll on level 5 of the Dungeon)
Missiles
 z - 5 silver javelins (quivered)
Armour
 f - a +0 pair of gloves (worn)
   (You found it on level 1 of the Dungeon)
 l - a +0 robe of magic resistance (worn)
   (You bought it in a shop on level 5 of the Dungeon)
 o - a +0 helmet (worn)
   (You took it off Robin on level 3 of the Dungeon)
 x - a +0 cloak (worn)
   (You found it on level 7 of the Dungeon)
Jewellery
 c - an uncursed ring of protection from magic {MR+, !d}
   (You found it on level 1 of the Dungeon)
 e - an amulet of faith (around neck) {Faith, !P}
   (You found it on level 1 of the Dungeon)
 k - a +4 ring of intelligence (right hand)
   (You found it on level 2 of the Dungeon)
 t - an uncursed ring of protection from cold {rC+, !d}
   (You found it on level 5 of the Dungeon)
 w - a ring of protection from fire (left hand) {rF+, !d}
   (You found it on level 6 of the Dungeon)
Wands
 a - a wand of flame (8)
   (You found it on level 4 of the Dungeon)
 s - a wand of iceblast (10)
   (You found it on level 4 of the Dungeon)
 u - a wand of polymorph (6)
   (You took it off a gnoll on level 5 of the Dungeon)
 v - a wand of disintegration (14)
   (You found it on level 6 of the Dungeon)
Scrolls
 b - a scroll of teleportation
 g - 3 scrolls of identify
 h - 2 scrolls of immolation {!r}
 j - 5 scrolls of amnesia
 m - 2 scrolls of noise {unknown}
 n - 3 scrolls of enchant armour
 p - 8 scrolls of remove curse
 r - a scroll of random uselessness {unknown}
 y - 2 scrolls of magic mapping {!r}


   Skills:
 - Level 3.6 Fighting
 - Level 1.1 Short Blades
 - Level 2.7 Armour
 - Level 3.2 Dodging
 - Level 1.5 Stealth
 - Level 6.0 Spellcasting
 - Level 7.5 Conjurations
 - Level 6.1 Necromancy
 + Level 4.0 Poison Magic


You had 5 spell levels left.
You knew the following spells:

 Your Spells              Type           Power        Failure   Level  Hunger
a - Pain                  Necr           ####         1%          1    N/A
b - Animate Dead          Necr           N/A          8%          4    N/A
c - Searing Ray           Conj           #####.       1%          2    N/A
d - Olgreb's Toxic Radia  Pois           ###.....     5%          4    N/A
x - Vampiric Draining     Necr           ####......   2%          3    N/A
A - Animate Skeleton      Necr           N/A          1%          1    N/A

Your spell library contained the following spells:

 Spells                   Type           Power        Failure   Level  Hunger
 Regeneration             Chrm/Necr      Unusable     N/A         3    N/A

Dungeon Overview and Level Annotations

Branches:
Dungeon (8/15)             Temple (1/1) D:5
   Lair: D:8-11

Altars:
Cheibriados
Elyvilon
Gozag
Hepliaklqana
Makhleb
Nemelex Xobeh
Okawaru
Qazlal
Ru
Trog
Uskayaw
Vehumet
Wu Jian
Xom
Yredelemnul
Zin
The Shining One

Shops:
D:5 [

Annotations:
D:3 2 transporters


Innate Abilities, Weirdness & Mutations

You do not eat or drink.
Your flesh is vulnerable to fire.
You are immune to poison.
Your flesh is cold resistant. (rC+)
You are immune to negative energy. (rN+++)
You are immune to unholy pain and torment.
You can survive without breathing.


Message History

You swap places.
Found a stone staircase leading down.
You now have 437 gold pieces (gained 11).
p - 8 scrolls of remove curse (gained 1)
An adder skeleton comes into view.
An adder skeleton is nearby!
You swap places.
You hit the adder skeleton but do no damage.
Your hound zombie barely misses the adder skeleton.
The adder skeleton bites you.
Your hound zombie barely misses the adder skeleton.
You take 3 damage, and have 62/65 hp.
You barely miss the adder skeleton.
Your hound zombie misses the adder skeleton.
The adder skeleton bites you but does no damage.
You hit the adder skeleton. You burn the adder skeleton.
Your hound zombie bites the adder skeleton.
The adder skeleton closely misses you.
Your hound zombie bites the adder skeleton.
You hit the adder skeleton. You burn the adder skeleton.
You destroy the adder skeleton!
Vehumet accepts your kill.
No target in view!
Your hound zombie crumbles into dust!
Health restored: 65 No target in view!
An orc comes into view. It is wielding a +0 mace.
The orc shouts!
You hear a shout! x2
An orc is nearby!
An orc warrior comes into view. It is wielding a +0 flail.
An orc comes into view. It is wielding a +0 mace.
Attack whom?
Aim: an orc, wielding a +0 mace and wearing a +0 scale mail You reach to attack!
The orc shouts!
You hit the orc but do no damage. You closely miss the orc.
The orc hits you with a +0 mace.
You take 6 damage, and have 59/65 hp.
You closely miss the orc.
An orc priest comes into view. It is wielding a +0 falchion.
The orc misses you.
The orc priest shouts!
You hit the orc. You burn the orc. The orc hits you with a +0 mace.
You take 2 damage, and have 57/65 hp.
You hit the orc. You burn the orc.
You kill the orc!
Vehumet accepts your kill.
An orc priest comes into view. It is wielding a -1 hand axe.
You closely miss the orc warrior. The orc warrior barely misses you.
You hit the orc warrior. You burn the orc warrior.
The orc warrior hits you with a +0 flail!
The orc barely misses you.
You barely miss the orc warrior.
The orc warrior hits you with a +0 flail!
The orc priest invokes the aid of Beogh against you.
Beogh smites you!
You are too injured to fight recklessly!
You are too injured to fight recklessly!
You are too injured to fight recklessly!
You are too injured to fight recklessly!
You are too injured to fight recklessly!
You take 31 damage, and have 26/65 hp.
MASSIVE DAMAGE!!
Okay, then.
Unknown command.
Unknown command.
Okay, then.
Unknown command.
You begin to radiate toxic energy.
The orc warrior is poisoned.
The orc priest is poisoned.
The orc is poisoned.
The orc priest is poisoned.
The orc warrior looks even sicker.
The orc priest looks even sicker. x2
The orc priest calls upon Beogh to heal the orc priest.
The orc priest's wounds heal themselves!
The orc warrior hits you with a +0 flail.
The orc hits you with a +0 mace.
You take 6 damage, and have 21/65 hp.
You now have 14/18 mp.
The orc looks even sicker.
Your toxic aura wanes.
The orc barely misses you.
The orc priest begins to cast a cantrip, but forgets the words!
The orc priest invokes the aid of Beogh against you.
Beogh smites you!
* * * LOW HITPOINT WARNING * * *
You take 10 damage, and have 11/65 hp.
You kill the orc!
Vehumet accepts your kill.
Throwing (i - inventory)
z - 5 silver javelins (quivered)
Aim: an orc warrior, wielding a +0 flail and wearing a +0 plate armour (heavily wounded, poisoned)
Okay, then.
Unknown command.
As you read the scroll of teleportation, it crumbles to dust.
You feel strangely unstable.
The orc priest calls upon Beogh to heal the orc priest.
The orc priest is healed somewhat.
The orc warrior completely misses you.
Aim: an orc warrior, wielding a +0 flail and wearing a +0 plate armour (heavily wounded, poisoned)
You feel life coursing into your body.
The orc priest calls upon Beogh to heal the orc warrior.
The orc warrior is healed somewhat.
The orc warrior hits you with a +0 flail!!
You die...

.....................^...........
.................................
.#.........[.....................
.#...............................
.................................
.#...............................
.#...............................
.................................
................@................
.#.............oo................
.#...............................
..........>....).................
.................................
.##.............o.(..............
.##..............................
... ..........)..................
... ............................


You could see an orc warrior and 2 orc priests.

Vanquished Creatures
  Pikel (D:6)
  A komodo dragon (D:8)
  2 hippogriffs
  An ice beast (D:6)
  3 slaves
  4 centaurs
  2 ogres (D:6)
  2 bullfrogs
  A wyvern zombie (D:7)
  3 scorpions
  A water moccasin skeleton (D:7)
  4 killer bees (D:7)
  4 crimson imps
  A centaur zombie (D:6)
  A bullfrog zombie (D:5)
  4 hounds
  2 orc priests (D:7)
  A gnoll shaman (D:5)
  A jelly (D:5)
  An orc wizard (D:7)
  A centaur skeleton (D:6)
  Jessica (D:2)
  4 worker ants
  A hound skeleton (D:6)
  Robin (D:3)
  2 worker ant zombies
  7 gnolls
  10 adders
  11 river rats
  2 shadow imps
  An adder skeleton (D:8)
  5 worms
  3 dart slugs
  6 leopard geckos
  14 orcs
  4 giant cockroaches
  12 goblins
  5 hobgoblins
  7 jackals
  21 kobolds
  4 quokkas
  5 ball pythons (Sewer)
  11 bats
  7 frilled lizards
  A leopard gecko zombie (D:5)
  22 rats
208 creatures vanquished.

Vanquished Creatures (collateral kills)
  An ogre (D:7)
  A bullfrog (D:8)
  2 killer bees (D:7)
  3 crimson imps
  An orc priest (D:7)
  A worker ant (D:7)
  3 orcs (D:7)
  A ball python (D:5)
  A jackal skeleton (D:7)
  6 kobolds (Sewer)
  4 rats
24 creatures vanquished.

Grand Total: 232 creatures vanquished

Notes
Turn   | Place    | Note
-------+----------+-------------------------------------------
     0 | D:1      | mhoghedin the Mummy Necromancer began the quest for the
                  | Orb.
     0 | D:1      | Reached XP level 1. HP: 13/13 MP: 4/4
   433 | D:1      | Reached XP level 2. HP: 19/19 MP: 3/5
  1168 | D:1      | Reached skill level 5 in Necromancy
  1168 | D:1      | Reached XP level 3. HP: 24/24 MP: 4/7
  1230 | D:1      | Learned a level 1 spell: Animate Skeleton
  1234 | D:1      | Learned a level 3 spell: Vampiric Draining
  2614 | D:2      | Reached skill level 3 in Spellcasting
  2638 | D:2      | Reached XP level 4. HP: 30/30 MP: 4/8
  2671 | D:2      | Noticed Jessica
  2676 | D:2      | Killed Jessica
  2844 | D:2      | Reached skill level 4 in Spellcasting
  2850 | D:2      | Learned a level 4 spell: Animate Dead
  3102 | D:3      | Found a transporter.
  3117 | D:3      | Found a transporter.
  3330 | D:3      | Reached XP level 5. HP: 34/35 MP: 4/11
  3430 | D:3      | Noticed Robin
  3441 | D:3      | Killed Robin
  3441 | D:3      | Reached skill level 6 in Necromancy
  4347 | D:4      | Reached skill level 1 in Fighting
  4347 | D:4      | Reached skill level 2 in Dodging
  4634 | D:4      | Reached skill level 1 in Armour
  4727 | D:4      | Found a basalt altar of Yredelemnul.
  4837 | D:4      | Reached XP level 6. HP: 43/43 MP: 7/12
  4990 | D:5      | Entered Level 5 of the Dungeon
  4994 | D:5      | Found a staircase to the Ecumenical Temple.
  5004 | Temple   | Entered the Ecumenical Temple
  5011 | Temple   | Reached skill level 2 in Fighting
  5134 | Temple   | Became a worshipper of Vehumet
  5238 | D:5      | Reached skill level 2 in Armour
  5337 | D:5      | Reached XP level 7. HP: 31/51 MP: 13/13
  5406 | D:5      | Found a glowing drain.
  5431 | Sewer    | Entered a sewer
  5529 | Sewer    | Reached skill level 3 in Dodging
  5542 | Sewer    | Reached * piety under Vehumet
  5542 | Sewer    | Offered knowledge of Magic Dart by Vehumet.
  5658 | Sewer    | Reached skill level 3 in Fighting
  5771 | Sewer    | Offered knowledge of Flame Tongue by Vehumet.
  5772 | Sewer    | Reached ** piety under Vehumet
  6137 | D:5      | Reached skill level 1 in Short Blades
  6142 | D:5      | Found Qyhin's Armour Shoppe.
  6150 | D:5      | Bought a +0 robe of magic resistance for 107 gold pieces
  6238 | D:5      | Offered knowledge of Searing Ray by Vehumet.
  6247 | D:5      | Learned a level 2 spell: Searing Ray
  6312 | D:5      | Found an iron altar of Okawaru.
  6750 | D:6      | Found a stormy altar of Qazlal.
  6785 | D:6      | Reached skill level 1 in Conjurations
  7265 | D:6      | Reached skill level 5 in Spellcasting
  7265 | D:6      | Reached XP level 8. HP: 37/60 MP: 13/15
  7427 | D:6      | Reached skill level 2 in Conjurations
  7532 | D:6      | Noticed Pikel
  7955 | D:6      | Killed Pikel
  7955 | D:6      | Reached skill level 5 in Conjurations
  8497 | D:6      | Found an opulent altar of Gozag.
  8617 | D:7      | Reached skill level 6 in Conjurations
  8751 | D:6      | Reached XP level 9. HP: 36/65 MP: 10/16
  8847 | D:6      | Reached *** piety under Vehumet
  9226 | D:7      | Reached skill level 7 in Conjurations
  9542 | D:6      | Offered knowledge of Olgreb's Toxic Radiance by Vehumet.
  9651 | D:6      | Learned a level 4 spell: Olgreb's Toxic Radiance
  9738 | D:7      | Reached skill level 1 in Poison Magic
  9931 | D:7      | Found a shimmering altar of Xom.
  9932 | D:7      | Found a hazy altar of Hepliaklqana.
  9933 | D:7      | Noticed a spectral ugly thing
 10169 | D:8      | Reached skill level 6 in Spellcasting
 10169 | D:8      | Reached skill level 2 in Poison Magic
 10491 | D:8      | Reached skill level 3 in Poison Magic
 10554 | D:8      | Noticed a komodo dragon
 10581 | D:8      | Killed a komodo dragon
 10877 | D:8      | Reached **** piety under Vehumet
 10877 | D:8      | Reached skill level 4 in Poison Magic
 10936 | D:8      | Found a snail-covered altar of Cheibriados.
 11075 | D:8      | HP: 11/65 [orc priest/divine providence (11)]
 11078 | D:8      | Slain by an orc warrior

Levels and vault maps discovered:
D:1:      minmay_arrival_doors, layout_basic, minivault_24
D:2:      layout_basic, uniq_jessica
D:3:      gammafunk_steamed_eel, layout_loops_corners, first_ration, uniq_robin
D:4:      layout_gridville, yredelemnul_altar_generic
D:5:      layout_rooms, okawaru_metal_pillars_3, minmay_temple_entry_arrows,
          portal_sewer_entry_e, serial_shops, shop_fountains
D:6:      layout_cave_pools, kennysheep_little_box,
          nicolae_qazlal_eye_of_the_storm, uniq_pikel
D:7:      layout_basic, regret_index_temple_of_mockery
D:8:      layout_basic, kennysheep_mini_moat
Temple:   eino_temple_scatter_basement

Skill      XL: |  1  2  3  4  5  6  7  8  9 |
---------------+----------------------------+-----
Necromancy     | 5 6 |  6.1
Spellcasting   | 3 4 5 6 |  6.0
Fighting       | 1 2 3 |  3.6
Dodging        | 2 3 |  3.2
Armour         | 1 2 |  2.7
Short Blades   | 1 |  1.1
Conjurations   | 1 6 7 |  7.5
Poison Magic   | 4 |  4.0
Stealth        | |  1.5

Action                   |  1- 3 |  4- 6 |  7- 9 || total
-------------------------+-------+-------+-------++-------
Melee: Short sword       |     4 |    51 |   112 ||   167
       Spear             |       |       |   248 ||   248
Throw: Dart              |     5 |       |       ||     5
 Cast: Pain              |   102 |   112 |   163 ||   377
       Animate Dead      |       |     6 |    23 ||    29
       Animate Skeleton  |       |     4 |       ||     4
       Vampiric Draining |       |     4 |    20 ||    24
       Searing Ray       |       |       |    19 ||    19
       Olgreb's Toxic Ra |       |       |     2 ||     2
Evoke: Wand              |       |     2 |     2 ||     4
  Use: Scroll            |     1 |     3 |     8 ||    12
 Stab: Sleeping          |       |       |     3 ||     3
       Distracted        |       |       |     1 ||     1
Armor: Robe              |     9 |     1 |    71 ||    81
       Animal skin       |       |    18 |    19 ||    37
Dodge: Dodged            |    13 |    47 |   336 ||   396

Table legend:
 A = Non-vault XP
 B = Vault XP
 C = Vault XP percentage of total XP
 D = Non-vault monster count
 E = Vault monster count
 F = Vault count percentage of total count
                 A         B        C        D         E       F
            +---------+---------+-------+---------+---------+-------
      Total |    4003 |     934 |  18.9 |     164 |      65 |  28.4
            +---------+---------+-------+---------+---------+-------
        D:1 |      44 |       0 |   0.0 |      26 |       0 |   0.0
        D:2 |      73 |      37 |  33.6 |      24 |       1 |   4.0
        D:3 |     120 |      28 |  18.9 |      24 |       7 |  22.6
        D:4 |     185 |       0 |   0.0 |      10 |       0 |   0.0
        D:5 |     394 |      44 |  10.0 |      15 |       8 |  34.8
        D:6 |     889 |     651 |  42.3 |      20 |       1 |   4.8
        D:7 |    1260 |       0 |   0.0 |      31 |       0 |   0.0
        D:8 |     920 |       0 |   0.0 |      13 |       0 |   0.0
     Temple |     118 |       0 |   0.0 |       1 |       0 |   0.0
      Sewer |       0 |     174 | 100.0 |       0 |      48 | 100.0
            +---------+---------+-------+---------+---------+-------

Levels and vault maps discovered:
D:1:      minmay_arrival_doors, layout_basic, minivault_24
D:2:      layout_basic, uniq_jessica
D:3:      gammafunk_steamed_eel, layout_loops_corners, first_ration, uniq_robin
D:4:      layout_gridville, yredelemnul_altar_generic
D:5:      layout_rooms, okawaru_metal_pillars_3, minmay_temple_entry_arrows,
          portal_sewer_entry_e, serial_shops, shop_fountains
D:6:      layout_cave_pools, kennysheep_little_box,
          nicolae_qazlal_eye_of_the_storm, uniq_pikel
D:7:      layout_basic, regret_index_temple_of_mockery
D:8:      layout_basic, kennysheep_mini_moat
Temple:   eino_temple_scatter_basement

Table legend:
 A = Turns spent in this place as a percentage of turns spent in the entire game.
 B = Non-inter-level travel turns spent in this place as a percentage of non-inter-level travel turns spent in the entire game.
 C = Inter-level travel turns spent in this place as a percentage of turns spent in this place.
 D = Turns resting spent in this place as a percentage of non-inter-level travel turns spent in this place.
 E = Turns spent auto-exploring this place as a percentage of non-inter-level travel turns spent in this place.
 F = Non-inter-level travel turns spent in this place divided by the number of levels of this place that you've seen.
                   A       B       C       D       E      F
               +-------+-------+-------+-------+-------+----------------------
         Total | 100.0 | 100.0 |   3.0 |  35.6 |  41.9 | 1074.6
       Dungeon |  93.0 |  93.1 |   2.9 |  36.1 |  42.6 | 1250.2
        Temple |   1.3 |   1.1 |  20.8 |  66.7 |  23.7 | 114.0
         Sewer |   5.7 |   5.9 |   0.0 |  20.8 |  34.3 | 630.0
               +-------+-------+-------+-------+-------+----------------------

Table legend:
 A = Kills in this place as a percentage of kills in entire the game.
 B = Kills by you in this place as a percentage of kills by you in the entire game.
 C = Kills by friends in this place as a percentage of kills by friends in the entire game.
 D = Other kills in this place as a percentage of other kills in the entire game.
 E = Experience gained in this place as a percentage of experience gained in the entire game.
 F = Experience gained in this place divided by the number of levels of this place that you have seen.
                   A       B       C       D       E      F
               +-------+-------+-------+-------+-------+----------------------
         Total | 100.0 | 100.0 | 100.0 |   N/A | 100.0 | 493.7
       Dungeon |  78.6 |  80.5 |  62.5 |   N/A |  94.1 | 580.6
        Temple |   0.4 |   0.5 |   0.0 |   N/A |   2.4 | 118.0
         Sewer |  21.0 |  19.0 |  37.5 |   N/A |   3.5 | 174.0
               +-------+-------+-------+-------+-------+----------------------
